 Dungeon Sprint DCSS version 0.16.1-18-g436b03c (webtiles) character file.

12100000 Vrock the Axe Maniac (level 27, -1/199 HPs)
             Began as a Gargoyle Gladiator on May 16, 2015.
             Was the Champion of Makhleb.
             Slain by a meat berserker
             ... wielding a +9 battleaxe
              (65 damage)
             ... in the Dungeon (Sprint VIII: "Arena of Blood").
             The game lasted 00:07:22 (121 turns).

Vrock the Axe Maniac (Gargoyle Gladiator)            Turns: 121, Time: 00:07:22

Health: -1/199     AC: 29    Str: 28    XL:     27
Magic:  42/49      EV: 24    Int: 13    God:    Makhleb [******]
Gold:   0          SH:  0    Dex: 10    Spells: 0 memorised, 80 levels left

rFire  . . .     SeeInvis +     l - +∞ Axe of Woe
rCold  . . .     Clarity  .     b - +0 leather armour
rNeg   + . .     SustAb   .     (no shield)
rPois  ∞         Gourm    .     c - +0 helmet
rElec  +         Spirit   .     (no cloak)
rCorr  .         Warding  .     (no gloves)
rMut   .         NoTele   +     (no boots)
MR     ++...                    (no amulet)
Stlth  +++++++++.               (no ring)
                                m - ring of see invisible

@: very resistant to hostile enchantments, incredibly stealthy
A: able to fly continuously, big wings, negative energy resistance 1,
electricity resistance, unbreathing, petrification resistance, rot immunity, AC
+20
a: Fly, Minor Destruction, Lesser Servant of Makhleb, Major Destruction, Greater
Servant of Makhleb, Renounce Religion


You were in the Dungeon.
You worshipped Makhleb.
Makhleb was exalted by your worship.
You were not hungry.

You visited 1 branch

Inventory:

Hand weapons
 a - a +0 war axe
 l - the +∞ Axe of Woe (weapon)
   (You found it in the Dungeon)
Missiles
 d - 3 throwing nets (quivered)
Armour
 b - a +0 leather armour (worn)
 c - a +0 helmet (worn)
Jewellery
 m - a ring of see invisible (left hand)
Scrolls
 k - a scroll of blinking
Potions
 e - a potion of curing
 g - a potion of heal wounds
 h - a potion of haste
 i - 2 potions of magic
 j - a potion of berserk rage
Comestibles
 f - a bread ration


   Skills:
 O Level 27 Fighting
 O Level 27 Axes
 O Level 27 Throwing
 O Level 27 Armour
 O Level 27 Dodging
 O Level 27 Stealth
 O Level 27 Unarmed Combat
 O Level 27 Spellcasting
 O Level 27 Invocations


You had 80 spell levels left.
You didn't know any spells.

Dungeon Overview and Level Annotations

Branches:
Dungeon (1/1)

Altars:
Makhleb


Innate Abilities, Weirdness & Mutations

You are resistant to torment.
You are immune to poison.
You can fly continuously.
Your stone body is very resilient (AC +20).
Your wings are large and strong.
You resist negative energy.
You are resistant to electric shocks.
You can survive without breathing.
You are immune to petrification.
You are immune to rotting.


Message History

The meat berserker convulses!
Your body is wracked with pain!
The bag of meat convulses!
You hear a shout!
An eight-headed meat hydra comes into view.
You hear a shout! x4
The eight-headed meat hydra calls on the powers of darkness!
The eight-headed meat hydra convulses!
The bag of meat convulses!
Your body is wracked with pain!
The meat berserker convulses!
The scourge convulses!
You hear a shout! x2
The dread calls on the powers of darkness!
The eight-headed meat hydra convulses!
The meat berserker convulses!
Your body is wracked with pain!
The bag of meat convulses!
The scourge is engulfed in poison gas.
The scourge is poisoned.
You hear a shout! x2
The bag of meat is engulfed in poison gas.
The bag of meat is poisoned.
You hear a shout!
The meat berserker hits you with a +9 battleaxe!!!
You die...

#.........)##)##.#####.
........)))).)§.......
....####..)))##.##.....
#...†)..).)))......G
...#.D..).))))#.#.....
#...)L....§.S§.....
#...#.)W)..§§§§§.......
.....%#).)..§§§§§.......
.......))W.O@o§§).......
........)))))§........
#.%......#)))....#....
...#.....#)†...D.#....
......###.).....###.
.........)###..D§..
..#........_......
.......#)....#...
.......#_.<._#


You could see a tyrant, 3 eight-headed meat hydras, a scourge, 2 dreads, a meat
berserker (berserk) and a bag of meat.

Vanquished Creatures
  Sigmund (D)
  A great orb of eyes (D)
  2 greater mummies (D)
  2 hell beasts (D)
  5 hill giants (D)
  2 hydras (D)
  5 liches (D)
  22 ogres (D)
  58 orcs (D)
  3 phantoms (D)
  A skeletal warrior (D)
  11 vampire knights (D)
  3 wraiths (D)
  3 sea snakes (D)
  3 tentacled monstrosities (D)
  A reaper (D)
  3 small abominations (D)
  18 large abominations (D)
144 creatures vanquished.

Vanquished Creatures (others)
  A small abomination (D)
  3 large abominations (D)
  A crawling corpse (D)
5 creatures vanquished.

Grand Total: 149 creatures vanquished

Notes
Turn   | Place    | Note
--------------------------------------------------------------
     0 | D        | Vrock, the Gargoyle Gladiator, began the quest for the Orb.
     0 | D        | Reached XP level 1. HP: 12/12 MP: 1/1
     4 | D        | Became a worshipper of Makhleb the Destroyer
     5 | D        | Noticed a meat berserker
     7 | D        | Noticed a bag of meat
     8 | D        | Noticed a bag of meat
     9 | D        | Killed a meat berserker
     9 | D        | Reached skill level 10 in Fighting
     9 | D        | Reached skill level 15 in Axes
     9 | D        | Reached XP level 2. HP: 14/28 MP: 2/2
     9 | D        | Reached XP level 3. HP: 16/33 MP: 3/3
     9 | D        | Reached XP level 4. HP: 18/39 MP: 4/4
     9 | D        | Reached XP level 5. HP: 19/43 MP: 5/5
     9 | D        | Reached XP level 6. HP: 21/48 MP: 6/6
     9 | D        | Reached XP level 7. HP: 23/53 MP: 7/7
     9 | D        | Reached XP level 8. HP: 25/59 MP: 8/8
     9 | D        | Reached XP level 9. HP: 26/63 MP: 9/9
     9 | D        | Reached XP level 10. HP: 28/68 MP: 10/10
     9 | D        | Reached XP level 11. HP: 30/73 MP: 11/11
    11 | D        | Noticed a bag of meat
    11 | D        | Noticed a meat berserker
    11 | D        | Noticed a bag of meat
    12 | D        | Noticed a meat berserker
    12 | D        | Noticed a bag of meat
    12 | D        | Killed a bag of meat
    12 | D        | Acquired Makhleb's first power
    12 | D        | Reached skill level 18 in Axes
    12 | D        | Reached XP level 12. HP: 32/82 MP: 12/12
    12 | D        | Killed a bag of meat
    12 | D        | Reached skill level 19 in Axes
    12 | D        | Reached XP level 13. HP: 68/88 MP: 13/13
    13 | D        | Noticed a bag of meat
    13 | D        | Noticed a bag of meat
    13 | D        | Noticed a bag of meat
    14 | D        | Noticed a large bag of meat
    14 | D        | Noticed a bag of meat
    14 | D        | Noticed a bag of meat
    14 | D        | Noticed a bag of meat
    14 | D        | Noticed a bag of meat
    14 | D        | Noticed a bag of meat
    14 | D        | Noticed a meat berserker
    15 | D        | Noticed a bag of meat
    15 | D        | Noticed a bag of meat
    16 | D        | Noticed a bag of meat
    16 | D        | Noticed a meat berserker
    17 | D        | Noticed a meat berserker
    17 | D        | Killed a meat berserker
    17 | D        | Acquired Makhleb's second power
    17 | D        | Reached skill level 20 in Axes
    17 | D        | Gained mutation: Your wings are large and strong. [gargoyle growth]
    17 | D        | Reached XP level 14. HP: 73/96 MP: 14/14
    17 | D        | Killed a bag of meat
    17 | D        | Reached skill level 15 in Fighting
    17 | D        | Reached skill level 21 in Axes
    18 | D        | Killed a meat berserker
    18 | D        | Acquired Makhleb's third power
    18 | D        | Reached skill level 22 in Axes
    18 | D        | Reached XP level 15. HP: 87/104 MP: 15/15
    18 | D        | Killed a bag of meat
    18 | D        | Reached skill level 23 in Axes
    18 | D        | Killed a meat berserker
    18 | D        | Acquired Makhleb's fourth power
    18 | D        | Reached skill level 15 in Throwing
    18 | D        | Killed a bag of meat
    18 | D        | Reached skill level 24 in Axes
    18 | D        | Reached XP level 16. HP: 112/114 MP: 16/16
    19 | D        | Noticed a bag of meat
    19 | D        | Noticed a meat berserker
    19 | D        | Noticed a meat berserker
    19 | D        | Killed a bag of meat
    19 | D        | Reached skill level 25 in Axes
    19 | D        | Killed a bag of meat
    19 | D        | Acquired Makhleb's fifth power
    19 | D        | Reached skill level 26 in Axes
    19 | D        | Killed a bag of meat
    19 | D        | Killed a bag of meat
    19 | D        | Reached skill level 27 in Axes
    19 | D        | Reached XP level 17. HP: 123/125 MP: 17/17
    20 | D        | Noticed a bag of meat
    20 | D        | Noticed a bag of meat
    20 | D        | Killed a large bag of meat
    20 | D        | Reached skill level 1 in Armour
    20 | D        | Killed a meat berserker
    21 | D        | Noticed a bag of meat
    21 | D        | Killed a bag of meat
    21 | D        | Reached skill level 27 in Dodging
    21 | D        | Killed a bag of meat
    21 | D        | Reached XP level 18. HP: 136/141 MP: 18/18
    21 | D        | Killed a bag of meat
    22 | D        | Noticed a bag of meat
    22 | D        | Noticed a bag of meat
    22 | D        | Killed a bag of meat
    22 | D        | Reached skill level 27 in Fighting
    22 | D        | Reached skill level 5 in Armour
    22 | D        | Killed a meat berserker
    23 | D        | Noticed a bag of meat
    23 | D        | Noticed a bag of meat
    23 | D        | Noticed a meat berserker
    23 | D        | Noticed a bag of meat
    23 | D        | Noticed a bag of meat
    24 | D        | Noticed a bag of meat
    24 | D        | Noticed a bag of meat
    24 | D        | Noticed a destroyer
    24 | D        | Noticed a bag of meat
    24 | D        | Killed a bag of meat
    24 | D        | Killed a meat berserker
    24 | D        | Reached skill level 27 in Throwing
    24 | D        | Reached XP level 19. HP: 151/151 MP: 18/18
    25 | D        | Noticed a bag of meat
    25 | D        | Killed a meat berserker
    25 | D        | Killed a bag of meat
    26 | D        | Noticed a destroyer
    26 | D        | Noticed a bag of meat
    26 | D        | Noticed a bag of meat
    26 | D        | Noticed a bag of meat
    27 | D        | Noticed a meat berserker
    27 | D        | Noticed a destroyer
    28 | D        | Noticed a bag of meat
    28 | D        | Killed a bag of meat
    28 | D        | Killed a bag of meat
    28 | D        | Killed a bag of meat
    28 | D        | Reached skill level 27 in Armour
    29 | D        | Killed a bag of meat
    29 | D        | Reached XP level 20. HP: 157/157 MP: 18/31
    29 | D        | Killed a bag of meat
    29 | D        | Reached skill level 10 in Invocations
    29 | D        | Killed a destroyer
    29 | D        | Reached skill level 10 in Spellcasting
    30 | D        | Noticed a bag of meat
    30 | D        | Killed a bag of meat
    30 | D        | Reached skill level 15 in Stealth
    30 | D        | Killed a bag of meat
    30 | D        | Reached skill level 15 in Invocations
    30 | D        | Killed a destroyer
    30 | D        | Reached skill level 15 in Unarmed Combat
    30 | D        | Killed a bag of meat
    30 | D        | Reached skill level 15 in Spellcasting
    30 | D        | Reached XP level 21. HP: 163/163 MP: 18/40
    31 | D        | Noticed a bag of meat
    31 | D        | Noticed a bag of meat
    31 | D        | Killed a bag of meat
    31 | D        | Killed a meat berserker
    31 | D        | Killed a bag of meat
    32 | D        | Noticed a bag of meat
    32 | D        | Killed a bag of meat
    32 | D        | Killed a meat berserker
    32 | D        | Killed a bag of meat
    32 | D        | Killed a bag of meat
    32 | D        | Reached XP level 22. HP: 169/169 MP: 18/44
    33 | D        | Noticed a bag of meat
    33 | D        | Killed a bag of meat
    33 | D        | Killed a bag of meat
    33 | D        | Killed a bag of meat
    33 | D        | Reached skill level 27 in Stealth
    34 | D        | Noticed a destroyer
    34 | D        | Killed a destroyer
    34 | D        | Killed a bag of meat
    36 | D        | Noticed a destroyer
    36 | D        | Noticed a large bag of meat
    36 | D        | Killed a bag of meat
    36 | D        | Reached skill level 27 in Invocations
    38 | D        | Noticed a destroyer
    38 | D        | Killed a bag of meat
    38 | D        | Reached skill level 27 in Unarmed Combat
    38 | D        | Reached XP level 23. HP: 175/175 MP: 19/47
    38 | D        | Killed a bag of meat
    38 | D        | Killed a bag of meat
    38 | D        | Reached skill level 27 in Spellcasting
    38 | D        | Killed a bag of meat
    40 | D        | Noticed a destroyer
    40 | D        | Killed a bag of meat
    40 | D        | Killed a destroyer
    40 | D        | Killed a bag of meat
    41 | D        | Killed a destroyer
    42 | D        | Noticed a destroyer
    43 | D        | Noticed a destroyer
    43 | D        | Noticed a sculptor of flesh
    44 | D        | Killed a large bag of meat
    46 | D        | Noticed a tyrant
    46 | D        | Noticed a meat berserker
    46 | D        | Killed a destroyer
    46 | D        | Reached XP level 24. HP: 181/181 MP: 22/48
    48 | D        | Noticed a meat berserker
    49 | D        | Noticed a large bag of meat
    49 | D        | Noticed a bag of meat
    50 | D        | Noticed a bag of meat
    50 | D        | Killed a sculptor of flesh
    50 | D        | Killed a destroyer
    51 | D        | Killed a meat berserker
    52 | D        | Killed a meat berserker
    53 | D        | Noticed a destroyer
    54 | D        | Noticed an accursed
    54 | D        | Killed a tyrant
    55 | D        | Killed a destroyer
    56 | D        | Killed a large bag of meat
    56 | D        | Killed a bag of meat
    56 | D        | Reached XP level 25. HP: 187/187 MP: 24/49
    57 | D        | Noticed a meat berserker
    58 | D        | Noticed a bag of meat
    59 | D        | Noticed a bag of meat
    59 | D        | Noticed a bag of meat
    59 | D        | Noticed a large bag of meat
    60 | D        | Noticed a meat berserker
    60 | D        | Noticed a bag of meat
    60 | D        | Noticed a bag of meat
    60 | D        | Noticed a bag of meat
    61 | D        | Killed a destroyer
    62 | D        | Noticed a large bag of meat
    63 | D        | Noticed a tyrant
    63 | D        | Noticed a bag of meat
    63 | D        | Noticed a dread
    63 | D        | Killed a bag of meat
    65 | D        | Noticed a bag of meat
    65 | D        | Killed a meat berserker
    65 | D        | Killed a large bag of meat
    66 | D        | Noticed a bag of meat
    66 | D        | Killed a meat berserker
    66 | D        | Killed a bag of meat
    67 | D        | Killed a bag of meat
    70 | D        | Killed a bag of meat
    70 | D        | Killed a large bag of meat
    72 | D        | Killed a tyrant
    72 | D        | Killed a bag of meat
    73 | D        | Noticed a meat berserker
    73 | D        | Noticed a bag of meat
    75 | D        | Killed a dread
    75 | D        | Reached XP level 26. HP: 193/193 MP: 29/49
    75 | D        | Killed a bag of meat
    77 | D        | Noticed an eight-headed meat hydra
    79 | D        | Killed a bag of meat
    79 | D        | Killed a meat berserker
    79 | D        | Killed a bag of meat
    79 | D        | Killed a nine-headed meat hydra
    81 | D        | Noticed a meat berserker
    81 | D        | Killed an accursed
    81 | D        | Killed a bag of meat
    81 | D        | Killed a bag of meat
    81 | D        | Killed a bag of meat
    82 | D        | Noticed a meat berserker
    83 | D        | Noticed a bag of meat
    84 | D        | Noticed a meat berserker
    85 | D        | Noticed a wretched soul
    86 | D        | Noticed a bag of meat
    86 | D        | Killed a wretched soul
    86 | D        | Killed a meat berserker
    86 | D        | Killed a meat berserker
    87 | D        | Noticed a wretched soul
    87 | D        | Noticed a destroyer
    87 | D        | Noticed a bag of meat
    88 | D        | Noticed a bag of meat
    88 | D        | Noticed a bag of meat
    89 | D        | Noticed a meat berserker
    89 | D        | Killed a bag of meat
    89 | D        | Killed a bag of meat
    90 | D        | Noticed a wretched soul
    90 | D        | Noticed a meat beast
    91 | D        | Killed a bag of meat
    91 | D        | Killed a meat berserker
    91 | D        | Reached XP level 27. HP: 199/199 MP: 34/49
    92 | D        | Noticed The Captor
    93 | D        | Killed a bag of meat
    93 | D        | Killed a meat berserker
    93 | D        | Killed a wretched soul
    95 | D        | Noticed a meat berserker
    95 | D        | Killed a meat beast
    95 | D        | Killed a destroyer
    95 | D        | Killed a bag of meat
    96 | D        | Noticed a meat beast
    97 | D        | Noticed a dread
    97 | D        | Noticed a bag of meat
    97 | D        | Noticed a tyrant
    98 | D        | Noticed an observer
    99 | D        | Noticed a bag of meat
    99 | D        | Killed a wretched soul
    99 | D        | Killed a meat berserker
    99 | D        | Killed The Captor
   102 | D        | Killed a bag of meat
   102 | D        | Killed a dread
   102 | D        | Killed a bag of meat
   103 | D        | Noticed an accursed
   103 | D        | Noticed an observer
   104 | D        | Noticed a tyrant
   104 | D        | Killed a meat beast
   104 | D        | Killed an observer
   109 | D        | Noticed a tyrant
   110 | D        | Killed a tyrant
   110 | D        | Killed an accursed
   112 | D        | Noticed a meat berserker
   112 | D        | Noticed a meat berserker
   112 | D        | Killed a tyrant
   114 | D        | Noticed a bag of meat
   116 | D        | Noticed a dread
   116 | D        | Killed a meat berserker
   117 | D        | Noticed a meat berserker
   117 | D        | Noticed a dread
   118 | D        | Noticed a destroyer
   118 | D        | Noticed a dread
   118 | D        | Killed a meat berserker
   118 | D        | Killed a dread
   119 | D        | Noticed a tyrant
   120 | D        | Killed a tyrant
   120 | D        | Killed a destroyer
   121 | D        | Slain by a meat berserker

Action                   |  1- 3 |  4- 6 |  7- 9 | 10-12 | 13-15 | 16-18 | 19-21 | 22-24 | 25-27 || total
-------------------------+-------+-------+-------+-------+-------+-------+-------+-------+-------++-------
Melee: Executioner's axe |     1 |       |       |     1 |     2 |     5 |     6 |    14 |    27 ||    56
